Map: Submarine LE

Players

Stats

  • Race: Protoss Protoss
  • Spawn Location: 11:00

HeroMarine - Winner!

  • Race: Terran Terran
  • Spawn Location: 5:00

Event: DreamHack SC2 Masters 2020 Winter

VOD

Have the link to the VOD?

Description

Time

  • Played on: Nov. 13, 2020, 9:15 a.m.
  • Length: 11:11

All games in this series

Show
View Real Time Build Order
Export as new Build Order

Stats Protoss 

Build Orders: 1 Gate Expand, Blink Stalkers 

Get SALT Encoding   

  12  0:00  Probe  
  13  0:12  Probe  
  14  0:18  Pylon  
  14  0:24  Probe (Chrono Boost)  
  15  0:37  Probe (Chrono Boost)  
  15  0:38  Gateway  
  16  0:45  Probe (Chrono Boost)  
  16  0:46  Assimilator  
  17  0:51  Probe  
  18  1:03  Probe  
  19  1:15  Probe  
  20  1:25  Cybernetics Core  
  20  1:32  Nexus  
  20  1:34  Probe  
  21  1:41  Pylon  
  21  1:49  Probe, Assimilator  
  22  2:00  Adept (Chrono Boost)  
  22  2:03  Shield Battery  
  22  2:05  Probe  
  22  2:07  Warp Gate  
  25  2:17  Probe  
  25  2:21  Adept (Chrono Boost)  
  26  2:29  Probe  
  28  2:34  Twilight Council  
  28  2:41  Probe  
  28  2:42  Stalker (Chrono Boost)  
  31  2:49  Probe  
  32  2:55  Probe  
  33  3:01  Probe  
  34  3:08  Blink (Chrono Boost)  
  34  3:10  Probe (Chrono Boost)  
  35  3:13  Probe (Chrono Boost)  
  35  3:15  Gateway  
  37  3:22  Probe (Chrono Boost)  
  37  3:23  Probe (Chrono Boost)  
  38  3:30  Robotics Facility  
  38  3:32  Probe  
  38  3:33  Probe  
  40  3:50  Probe x2  
  40  3:55  Stalker  
  42  4:02  Pylon  
  40  4:03  Probe  
  40  4:04  Probe  
  40  4:09  Stalker  
  44  4:14  Nexus  
  44  4:15  Probe  
  44  4:16  Probe  
  46  4:20  Stalker, Observer  
  49  4:25  Pylon  
  49  4:28  Probe  
  49  4:29  Probe  
  49  4:31  Assimilator  
  51  4:41  Stalker  
  51  4:44  Stalker  
  55  4:46  Probe x2  
  55  4:47  Observer  
  55  4:49  Pylon  
  58  4:58  Probe x2  
  58  5:10  Probe x2 (Chrono Boost)  
  58  5:11  Charge  
  58  5:12  Forge  
  58  5:13  Stalker x2  
  64  5:21  Pylon  
  64  5:22  Probe x2 (Chrono Boost)  
  67  5:29  Observer  
  67  5:30  Probe (Chrono Boost)  
  67  5:31  Pylon  
  67  5:33  Probe x2 (Chrono Boost)  
  69  5:36  Protoss Ground Weapons Level 1 (Chrono Boost), Observer  
  69  5:37  Probe (Chrono Boost)  
  69  5:40  Probe x2 (Chrono Boost)  
  69  5:42  Probe (Chrono Boost), Sentry x2  
  77  5:55  Gateway  
  77  5:56  Gateway  
  77  5:58  Warp Prism  
  77  6:00  Gateway  
  77  6:01  Gateway  
  77  6:05  Gateway  
  77  6:07  Gateway  
  79  6:12  Probe x3  
  79  6:15  Observer  
  79  6:17  Stalker x2  
  86  6:24  Pylon x2  
  86  6:25  Pylon  
  86  6:28  Pylon  
  86  6:45  Stalker x2  
  90  6:50  Zealot x2  
  94  6:56  Stalker x2  
  98  7:04  Zealot x2  
  102  7:10  Zealot x4  
  110  7:21  Zealot x2  
  96  7:25  Zealot x2  
  88  7:31  Zealot x4  
  88  7:33  Protoss Ground Armor Level 1 (Chrono Boost)  
  94  7:41  Zealot  
  94  7:42  Zealot  
  88  7:48  Assimilator  
  88  7:49  Templar Archives, Assimilator  
  88  7:51  Zealot x6  
  88  7:52  Probe  
  88  7:53  Probe x2  
  103  8:04  Sentry  
  103  8:05  Probe x3, Sentry  
  110  8:08  Assimilator, Psionic Storm  
  110  8:12  Nexus  
  110  8:14  Pylon  
  110  8:22  Zealot x3  
  110  8:23  Zealot  
  110  8:26  Photon Cannon, High Templar x2  
  122  8:50  Zealot x4, High Templar x2  
  122  8:51  Warp Prism  
  122  8:52  Observer  
  128  8:58  Probe x2, Pylon  
  128  8:59  Probe  
  128  9:00  Pylon  
  131  9:06  High Templar x2  
  135  9:11  Forge  
  135  9:16  Archon  
  135  9:17  Stalker x4  
  135  9:20  Observer  
  141  9:28  Zealot x2  
  139  9:41  Observer  
  140  9:48  Archon, Zealot x3  
  140  9:49  Zealot x5  
  96  10:10  Zealot x2  
  96  10:12  Stalker x4  
  96  10:13  Stalker x2  
  88  10:32  Stalker x4  
  88  10:33  Stalker  
  76  10:41  Stalker x2  
  69  10:52  High Templar x3  
  69  10:53  High Templar  
  69  10:56  Archon  
  69  10:57  Archon, Zealot  
Show
View Real Time Build Order
Export as new Build Order

HeroMarine Terran - Winner!

Build Orders: Reaper Expand 

Get SALT Encoding   

  12  0:00  SCV  
  13  0:12  SCV  
  14  0:17  Supply Depot  
  14  0:24  SCV  
  15  0:38  SCV  
  15  0:40  Barracks  
  16  0:43  Refinery  
  16  0:50  SCV  
  17  1:02  SCV  
  18  1:15  SCV  
  19  1:28  Reaper, Orbital Command  
  20  1:46  Command Center  
  20  1:54  SCV  
  20  1:55  Supply Depot  
  20  2:00  Marine  
  22  2:06  SCV  
  23  2:12  Bunker  
  23  2:18  SCV  
  23  2:19  Factory  
  24  2:23  Marine  
  25  2:30  SCV  
  25  2:34  Refinery  
  26  2:41  Barracks Reactor  
  26  2:43  SCV  
  27  2:55  SCV  
  28  3:02  Orbital Command  
  28  3:04  Widow Mine  
  28  3:07  SCV  
  28  3:12  Starport  
  29  3:17  Marine x2  
  29  3:19  SCV  
  32  3:28  Widow Mine  
  32  3:31  SCV  
  32  3:33  SCV  
  36  3:35  Marine x2  
  36  3:38  Supply Depot  
  38  3:43  SCV  
  38  3:45  SCV  
  39  3:52  Medivac  
  39  3:53  Marine x2  
  39  3:55  SCV  
  42  3:57  SCV  
  42  4:00  Supply Depot  
  43  4:04  Factory Tech Lab  
  43  4:05  Barracks  
  43  4:07  SCV  
  43  4:09  SCV  
  45  4:11  Marine x2  
  47  4:19  SCV  
  47  4:21  SCV  
  47  4:22  Barracks  
  49  4:24  Siege Tank  
  49  4:28  Refinery, Starport Tech Lab  
  49  4:30  Marine x2  
  54  4:34  SCV x2  
  56  4:40  Supply Depot  
  56  4:46  SCV x2, Raven  
  56  4:48  Marine x2  
  56  4:51  Supply Depot  
  62  5:01  SCV x2  
  62  5:06  Marine x2  
  66  5:07  Stimpack, Engineering Bay  
  66  5:09  Marauder  
  66  5:13  SCV x2, Supply Depot  
  64  5:18  Factory Reactor  
  64  5:23  Marine  
  64  5:24  Marine  
  64  5:25  SCV x2  
  68  5:31  Marauder  
  68  5:33  Terran Infantry Weapons Level 1  
  68  5:35  Supply Depot  
  70  5:36  Refinery  
  70  5:37  Marauder  
  70  5:40  Starport Reactor  
  70  5:41  Marine x2  
  74  5:43  SCV  
  74  5:44  SCV  
  74  5:46  Combat Shield  
  76  5:52  Marauder  
  76  5:56  SCV x2  
  78  5:59  Marauder, Marine x2  
  78  6:04  Supply Depot  
  82  6:06  Supply Depot  
  82  6:13  Marauder  
  82  6:17  Marine x2  
  86  6:18  Medivac  
  86  6:19  Widow Mine x2  
  86  6:20  Marauder  
  86  6:25  Medivac  
  96  6:26  Supply Depot  
  96  6:30  Supply Depot  
  96  6:35  Marauder, Marine x2  
  100  6:42  Marauder  
  100  6:44  SCV x2  
  100  6:46  Supply Depot  
  104  6:47  Concussive Shells  
  104  6:49  Widow Mine  
  104  6:50  Widow Mine  
  104  6:52  Medivac, Marine  
  104  6:53  Marine  
  110  6:56  Marauder  
  110  6:58  Medivac  
  114  7:03  Marauder  
  115  7:10  Marine x2  
  115  7:14  Command Center  
  117  7:17  SCV x2  
  117  7:18  Marauder  
  110  7:24  Marauder, Widow Mine x2  
  110  7:28  Marine x2  
  107  7:30  SCV x2  
  106  7:39  Marauder  
  94  7:46  Marauder, Widow Mine x2, Marine x2  
  94  7:50  Barracks  
  94  7:51  Medivac, Barracks  
  102  7:55  Medivac  
  102  7:56  Terran Infantry Armor Level 1  
  104  8:00  Marauder  
  104  8:04  Marine x2  
  108  8:07  Marauder  
  108  8:09  SCV x2  
  108  8:10  Widow Mine x2  
  116  8:19  Missile Turret  
  116  8:21  Marine, Liberator  
  116  8:22  Marine  
  116  8:24  Liberator  
  116  8:25  Marauder  
  126  8:29  Marauder  
  128  8:36  Widow Mine x2  
  128  8:39  Marine x2  
  134  8:45  Barracks Reactor, Barracks Tech Lab  
  134  8:46  Marauder  
  134  8:49  SCV x2  
  134  8:50  Marauder  
  134  8:51  Marine x2  
  136  8:57  Marine x2  
  136  9:01  Widow Mine x2  
  142  9:05  Supply Depot  
  142  9:09  Liberator  
  147  9:15  Marine x2  
  149  9:17  Orbital Command, Marine  
  147  9:33  Marauder x2  
  147  9:34  Marine x2  
  147  9:35  Widow Mine x2  
  155  9:46  Liberator  
  155  9:47  Marine  
  155  9:48  Marine  
  155  9:52  Liberator  
  147  9:54  Marine x2  
  147  9:55  Marauder  
  147  9:56  Marauder, Widow Mine  
  147  9:57  Widow Mine  
  132  10:00  SCV x2  
  132  10:05  Marine  
  132  10:06  Marine  
  118  10:09  SCV  
  118  10:12  Marine  
  118  10:13  Marine  
  121  10:16  Marauder  
  121  10:18  Marauder, Widow Mine  
  124  10:23  Marine  
  124  10:24  Marine  
  124  10:26  Widow Mine  
  126  10:30  Marine  
  126  10:31  Marine  
  121  10:37  Marine  
  121  10:39  Marauder, Widow Mine  
  121  10:41  Marine  
  121  10:42  Marine  
  116  10:48  Marine x2  
Tags
 
Add a new tag
Caveats
  • Supply blocks, unpowered buildings, or Contaminate may cause inaccurate times.
  • Supply counts are checked every 10 seconds.